[Event "*** Titled Tuesday Blitz"]
[Site "Chess.com"]
[Date "2020.04.07"]
[Round "4"]
[White "english_player_89"]
[Black "WIDBIFS"]
[Result "0-1"]
[WhiteElo "2551"]
[BlackElo "2796"]
[TimeControl "180+1"]
[EndTime "13:41:21 PDT"]
[Termination "WIDBIFS won by resignation"]

1. e4 g6 2. d4 Bg7 3. Nc3 c6 4. Nf3 d6 5. g3 Nf6 6. a4 O-O 7.
Bg2 Nbd7 8. e5 Nd5 9. Nxd5 cxd5 10.
exd6 exd6 11. O-O Nf6 12. Re1 Ne4 13. c3 Re8 14. Qb3 Be6 15. Qxb7 Qf6 16. Qa6 g5 17.
Qf1 Bf5 18. Nd2 Qg6 19. Nxe4 dxe4 20. Be3 h5 21. h3 h4 22. Qe2 g4 23. Kh2 hxg3+ 24.
fxg3 gxh3 25. Bxh3 Qh7 26. Qg2 Bg4 27. Kg1 Bxh3 28.
Qf2 Bg4 29. Qh2 Bf3 30. Qxh7+ Kxh7 31. Bf4 d5 32. Kf2 Kg6 33. Ke3 Rh8 34. c4 dxc4 35.
Rec1 Rac8 36. Be5 Bxe5 37. dxe5 Kf5 38. a5 a6 39. Ra4 Rhd8 40. Raxc4 Rxc4 41. Rxc4 Rd3+ 42.
Kf2 Rd2+ 43. Kf1 Rxb2 44. Rc5 Ke6 45. Rc6+ Kxe5 46. Rxa6 Be2+ 47. Ke1 Bxa6 0-1

[Event "*** Titled Tuesday Blitz"]
[Site "Chess.com"]
[Date "2020.04.07"]
[Round "4"]
[White "kungmongmanh"]
[Black "W_Amadeus"]
[Result "0-1"]
[WhiteElo "2543"]
[BlackElo "2750"]
[TimeControl "180+1"]
[EndTime "13:41:21 PDT"]
[Termination "W_Amadeus won on time"]

1. d4 Nf6 2. c4 e6 3. Nc3 Bb4 4. Qc2 O-O 5. Nf3 d5 6. cxd5 exd5 7. Bg5 h6 8. Bh4 c5 9. dxc5 Be6 10. e3 Nbd7 11.
Bd3 Rc8 12. O-O Rxc5 13. Nd4 Bxc3 14. bxc3 Qc7 15. Bg3 Ne5 16. Bf5 Bxf5 17. Qxf5 Re8 18. Rab1 Ne4 19. Rb5 b6 20. Rxc5 bxc5 21. Nf3 Nxf3+ 22.
gxf3 Nxg3 23. hxg3 Qa5 24. Qxd5 Qxc3 25. Rb1 c4 26.
Rb7 Rf8 27. Rxa7 Qa1+ 28. Kg2 c3 29. Rc7 Qb2 30. Qb3 Qd2 31. Rxc3 Ra8 32. Rc2 Qd7 33. Rc4 g6 34. Rf4 h5 35. Qc4 Ra7 36. Rd4 Qe7 0-1

[Event "*** Titled Tuesday Blitz"]
[Site "Chess.com"]
[Date "2020.04.07"]
[Round "4"]
[White "BabyFacedAssasin"]
[Black "viggi38"]
[Result "0-1"]
[WhiteElo "2307"]
[BlackElo "2482"]
[TimeControl "180+1"]
[EndTime "13:41:21 PDT"]
[Termination "viggi38 won on time"]

1. e4 d5 2. exd5 Qxd5 3. Nf3 Bg4 4. Be2 Nc6 5. d4 O-O-O 6. c4 Qa5+ 7. Nc3 Bxf3 8. Bxf3 Nxd4 9. O-O Nf6 10. Be3 e5 11.
Bxd4 exd4 12. Nd5 Nxd5 13. Bxd5 Rxd5 14. cxd5 Qxd5 15. Qd3 Be7 16. Rfd1 Bf6 17. Rac1 Kb8 18. b3 b6 19. Re1 c5 20. Qg3+ Kb7 21. Qd3 h6 22. a4 a6 23. h3 Rd8 24. Re4 Rd7 25.
Rce1 Qc6 26. Re8 b5 27. axb5 axb5 28. Rc1 Rc7 29. Ree1 Kb6 30. Ra1 Ra7 31. Rxa7 Kxa7 32. Ra1+ Kb6 33. Qd2 Kc7 34. Ra7+ Kd6 35. Qf4+ Ke6 36.
g4 c4 37. Qf5+ Kd6 38. Qf4+ Ke6 39. Qf5+ Kd6 40. Qf4+ Be5 41. Qxf7 c3 42. Qe7+ Kd5 43. Rd7+ Ke4 44. f3+ Kxf3 45. Qf7+ Bf6 46. Rxd4 Qc5 47. Qd5+ Qxd5 0-1

[Event "*** Titled Tuesday Blitz"]
[Site "Chess.com"]
[Date "2020.04.07"]
[Round "4"]
[White "Walter_White_Poland"]
[Black "sergeikim"]
[Result "1-0"]
[WhiteElo "2121"]
[BlackElo "2330"]
[TimeControl "180+1"]
[EndTime "13:41:22 PDT"]
[Termination "Walter_White_Poland won by resignation"]

1. e4 e5 2. Nf3 Nc6 3. Bb5 a6 4. Ba4 Nf6 5. O-O Be7 6. Re1 b5 7.
Bb3 O-O 8. h3 d6 9. c3 Na5 10.
Bc2 c5 11. d4 Qc7 12. d5 Nb7 13. Nbd2 Nd8 14. Nf1 Ne8 15. a4 Rb8 16. axb5 axb5 17. b4 c4 18. Ng3 g6 19. Be3 Ng7 20. Ra7 Rb7 21. Qa1 f6 22. Qa5 Qd7 23. Ra1 Nf7 24. Rxb7 Bxb7 25. Qb6 Bd8 26. Qa7 Qc8 27.
Bb6 Be7 28. Ra5 Qd7 29. Be3 Bd8 30. Ra1 Qc8 31. Bb6 Be7 32. Be3 f5 33. exf5 gxf5 34.
Bb6 Bf6 35. Qa2 Bxd5 36. Qb1 Qb7 37. Be3 f4 38. Ra7 Qc8 39. Bxh7+ Kh8 40. Qg6 Qd8 41. Bg8 Kxg8 42. Nh5 Bxf3 43. Nxf6+ Qxf6 44. Qxf6 fxe3 45. fxe3 Bd5 46. h4 Ne8 47. Qg6+ Ng7 48. h5 Kh8 49. h6 Ne8 50. Qh5 Kh7 51. e4 Be6 52. Qh4 Kg6 53. Qe7 Rh8 54. Qxe6+ Kg5 55. Qxf7 Nf6 56. Qg7+ Kf4 57.
Qxh8 1-0

[Event "*** Titled Tuesday Blitz"]
[Site "Chess.com"]
[Date "2020.04.07"]
[Round "4"]
[White "VincentKeymer"]
[Black "daro94"]
[Result "1-0"]
[WhiteElo "2665"]
[BlackElo "2850"]
[TimeControl "180+1"]
[EndTime "13:41:23 PDT"]
[Termination "VincentKeymer won by resignation"]

1. Nf3 g6 2. c4 Bg7 3. Nc3 d6 4. g3 Nf6 5. Bg2 O-O 6. d4 c6 7. O-O Bf5 8. Nd2 e5 9. d5 c5 10.
a3 Na6 11. e4 Bg4 12. f3 Bd7 13. Qe2 Nc7 14. b4 b6 15. Re1 Kh8 16. Nf1 Nfe8 17.
Bb2 Na6 18. b5 Nac7 19. a4 a5 20. f4 f5 21. exf5 gxf5 22. fxe5 dxe5 23. g4 Nd6 24. Ng3 Qh4 25. gxf5 Nxf5 26. Nxf5 Bxf5 27. Kh1 Rae8 28. Ne4 Bg4 29. Qe3 Qh5 30. Ng3 Qh4 31. d6 Ne6 32. Bxe5 Nd4 33. Bxg7+ Kxg7 34. Qxe8 Rxe8 35. Rxe8 Nf3 36.
Re7+ Kf8 37. Nf1 Nd4 38. Rae1 Bf3 39. Re8+ Kf7 40. R1e7+ Kf6 41. Rf8+ Kg6 42. Bxf3 Qh3 43. Bg2 Qd3 44. d7 Ne2 45. Rg8+ Kf6 46. Rxe2 Qxe2 47. d8=Q+ Kf7 48. Qf8+ Ke6 49. Qe8+ Kd6 50. Qxe2 1-0

[Event "*** Titled Tuesday Blitz"]
[Site "Chess.com"]
[Date "2020.04.07"]
[Round "4"]
[White "Elshan1985"]
[Black "SlavenPastar"]
[Result "1-0"]
[WhiteElo "2694"]
[BlackElo "2507"]
[TimeControl "180+1"]
[EndTime "13:41:23 PDT"]
[Termination "Elshan1985 won by resignation"]

1. Nf3 Nf6 2. c4 e6 3. g3 d5 4. Bg2 dxc4 5. O-O c6 6. Ne5 Nbd7 7.
Nxc4 Nb6 8. Ne5 Nbd7 9. Nf3 Bd6 10. Nc3 e5 11. d4 exd4 12. Qxd4 Be7 13. Bf4 Qb6 14. Na4 Qxd4 15. Nxd4 Nb6 16. Nxb6 axb6 17. Nxc6 Bc5 18. b4 Bf8 19. Rfd1 Bd7 20. Ne5 Bxb4 21. Nxd7 Nxd7 22. Bxb7 Ra7 23. Bc6 Ke7 24. Be3 Bc5 25. Bd4 Bxd4 26. Rxd4 Nc5 27. Rb4 Rb8 28. a4 Kd6 29. Bb5 Re7 30. Rd1+ Kc7 31. Rd2 Rd8 32. Rxd8 Kxd8 33. f3 Kc7 34. Kf2 Re5 35. h4 Rd5 36. Ke1 Nb7 37. Re4 Kd6 38. Re8 Rc5 39. Rb8 Rc7 40.
Kf2 g6 41. g4 Kc5 42. g5 Kb4 43. Ba6 Nc5 44. Bb5 Rb7 45. Rxb7 Nxb7 46. e4 Nc5 47. Be8 Nxa4 48. Bxf7 Nb2 49. f4 Kc3 50. e5 b5 51. e6 Nc4 52. e7 Nd6 53. e8=Q Nxe8 54. Bxe8 b4 55. Ba4 b3 56. Bxb3 Kxb3 57. Ke3 Kc4 58. Ke4 Kc3 59. f5 gxf5+ 60. Kxf5 Kd4 61. Kf6 1-0

[Event "*** Titled Tuesday Blitz"]
[Site "Chess.com"]
[Date "2020.04.07"]
[Round "4"]
[White "Saloni1299"]
[Black "adiosabu"]
[Result "1-0"]
[WhiteElo "2187"]
[BlackElo "2489"]
[TimeControl "180+1"]
[EndTime "13:41:24 PDT"]
[Termination "Saloni1299 won by resignation"]

1. e4 c5 2. Nf3 Nc6 3. d4 cxd4 4.
Nxd4 e5 5. Nb5 a6 6. Nd6+ Bxd6 7. Qxd6 Qe7 8. Qd1 Nf6 9. Nc3 d6 10. Bg5 Be6 11. Qd2 O-O 12. Be2 h6 13. Bxf6 Qxf6 14.
Qxd6 Rfd8 15. Qa3 b5 16. Bd3 Qg5 17. Ne2 Qxg2 18. O-O-O Qxf2 19. Rdf1 Qe3+ 20. Kb1 a5 21. Rhg1 Nb4 22. Rg3 Rxd3 23. Rxe3 Rxa3 24. Rxa3 Bc4 25. Re3 Rd8 26. b3 Bxe2 27. Rxe2 f6 28. a3 Nc6 29. c3 Rd6 30. Kc2 Kf8 31. Rd1 Ke7 32. Rxd6 Kxd6 33. b4 axb4 34. axb4 g6 35. Kd3 f5 36.
Rg2 Ne7 37. h4 Ke6 38. h5 gxh5 39. Rh2 Ng6 40. exf5+ Kxf5 41. Rxh5+ Kf4 42. Rxh6 e4+ 43. Ke2 Ne5 44. Rf6+ Kg5 45. Rb6 1-0

[Event "*** Titled Tuesday Blitz"]
[Site "Chess.com"]
[Date "2020.04.07"]
[Round "4"]
[White "piscatorox"]
[Black "Yanidze"]
[Result "0-1"]
[WhiteElo "2243"]
[BlackElo "2445"]
[TimeControl "180+1"]
[EndTime "13:41:24 PDT"]
[Termination "Yanidze won on time"]

1. e4 d6 2. d4 Nf6 3. Nc3 g6 4. Bg5 Bg7 5. Qd2 h6 6. Bf4 c6 7. O-O-O Qa5 8. Kb1 Nbd7 9. h4 Nb6 10. Be2 Be6 11.
Nd5 Qxd2 12. Nxf6+ Bxf6 13. Rxd2 O-O-O 14. b3 c5 15. e5 dxe5 16. dxe5 Rxd2 17. exf6 Rd4 18. Be3 Rd7 19.
fxe7 Nd5 20. Bxc5 b6 21. Ba6+ Kb8 22. Ba3 Nc3+ 23. Kb2 Nd1+ 24. Kc1 Nxf2 25. Rh2 Rd1+ 26. Kb2 Rxg1 27. Kc3 Bc8 28. Bb5 Ne4+ 29. Kd4 Nf6 30. c4 Bb7 31. g4 Rd1+ 32. Kc3 Ne4+ 33. Kb2 Rd2+ 34. Rxd2 Nxd2 35. e8=Q+ Rxe8 36. Bxe8 f6 37. Bxg6 Nf3 38. h5 Ne5 39. Bf5 Bf3 40. Bf8 Nxg4 41.
Bxg4 Bxg4 42. Bxh6 Bxh5 43. Kc3 Kc7 44. a3 Kd6 45.
Bf4+ Ke6 46. b4 Be8 47. Kb3 a6 48. a4 Kf5 49. b5 axb5 50. Be3 bxa4+ 0-1

[Event "*** Titled Tuesday Blitz"]
[Site "Chess.com"]
[Date "2020.04.07"]
[Round "4"]
[White "Vusatiuk_Vladimir"]
[Black "ersekitamara"]
[Result "1-0"]
[WhiteElo "2380"]
[BlackElo "1903"]
[TimeControl "180+1"]
[EndTime "13:41:24 PDT"]
[Termination "Vusatiuk_Vladimir won by resignation"]

1. e4 c5 2. Nf3 d6 3. d4 cxd4 4. Qxd4 Nc6 5. Qe3 Nf6 6. Be2 g6 7. c4 Bg7 8. Nc3 O-O 9. O-O a6 10. Rb1 Be6 11. b3 Rc8 12. Bb2 Ng4 13. Qd2 Nge5 14. Rfe1 Nxf3+ 15. Bxf3 Nd4 16. Bd1 Bd7 17. h4 b5 18. Nd5 Ne6 19. Be2 bxc4 20. Bxc4 Bb5 21.
Bxb5 axb5 22. Bxg7 Nxg7 23. a4 bxa4 24. bxa4 Ra8 25.
Ra1 e6 26. Ne3 Qxh4 27. Qxd6 Qxe4 28. a5 Rfd8 29. Qc7 Nf5 30. Nxf5 Qxf5 31. a6 Rd2 32. Qb6 Rdd8 33. a7 Qd5 34. Ra5 Qd4 35. Qa6 Kg7 36. Rb5 Qd6 37. Qa1+ Kg8 38. Rb7 Qd4 39.
Qa6 Kg7 40. Qxe6 Qf6 41. Qe4 Re8 42. Qxe8 Rxe8 43. Rxe8 Qa1+ 44. Kh2 Qd4 45. Re3 Qh4+ 46. Kg1 Qc4 47. a8=Q 1-0

[Event "*** Titled Tuesday Blitz"]
[Site "Chess.com"]
[Date "2020.04.07"]
[Round "4"]
[White "Msb2"]
[Black "BaMBoMaTTo"]
[Result "1-0"]
[WhiteElo "2936"]
[BlackElo "2745"]
[TimeControl "180+1"]
[EndTime "13:41:25 PDT"]
[Termination "Msb2 won by resignation"]

1. d4 Nf6 2. c4 e6 3. Nc3 Bb4 4.
e3 O-O 5. Bd2 b6 6. Nf3 Bb7 7.
Bd3 d6 8. O-O Nbd7 9. b3 e5 10.
Bc2 Re8 11. a3 exd4 12. Nxd4 Bxc3 13. Bxc3 Ne4 14. Bb2 Qg5 15. Nf3 Qh5 16. h3 Ng5 17. Nxg5 Qxg5 18. Qg4 Qxg4 19. hxg4 a5 20. a4 Be4 21. Bd1 Nc5 22. f3 Bb7 23. e4 c6 24.
Bc2 d5 25. cxd5 cxd5 26. e5 Rac8 27. Rac1 Ne6 28. Bd3 Nf4 29. Bb5 Red8 30. Bd4 Bc6 31. Ba6 Ra8 32. Rxc6 Rxa6 33. Kf2 Ne6 34. Rd1 Nxd4 35.
Rxd4 Kf8 36. f4 Ke7 37. f5 Rd7 38. Kf3 Raa7 39. Rxb6 Rac7 40. Rb5 Rc3+ 41. Kf4 Rc2 42. Rdxd5 Rxd5 43. Rxd5 Rxg2 44. Rxa5 Rf2+ 45. Ke4 Re2+ 46.
Kf3 Rb2 47. Rb5 g6 48. a5 h5 49. Rb7+ Ke8 50. gxh5 gxf5 51. a6 1-0

[Event "*** Titled Tuesday Blitz"]
[Site "Chess.com"]
[Date "2020.04.07"]
[Round "4"]
[White "Squirlolz"]
[Black "platy3"]
[Result "1-0"]
[WhiteElo "2586"]
[BlackElo "2793"]
[TimeControl "180+1"]
[EndTime "13:41:26 PDT"]
[Termination "Squirlolz won on time"]

1. e4 c5 2. c3 Nf6 3. e5 Nd5 4. Bc4 Nb6 5. Bb3 Nc6 6. d4 cxd4 7. cxd4 d5 8. Nc3 Bf5 9. Nge2 e6 10. Ng3 Bg6 11. h4 h6 12. h5 Bh7 13. O-O Be7 14. f4 Rc8 15. Be3 Na5 16. f5 Nac4 17. Bc1 Bg5 18.
fxe6 fxe6 19. Qg4 Qe7 20. Bxg5 hxg5 21. Rf3 Kd7 22. Raf1 Rhf8 23. Rxf8 Rxf8 24. Nxd5 Nxd5 25. Bxc4 Ne3 26. Qxe6+ Qxe6 27. Bxe6+ Ke7 28. Rxf8 Kxf8 29. Kf2 Nd1+ 30. Kf3 Nxb2 31. Nf5 Nd3 32. Nd6 Nf4 33. Bb3 b6 34. Nc8 Bd3 35. Nxa7 Ke7 36. d5 Kd7 37. Ba4+ Kc7 38. Nb5+ Kd8 39. Nc3 Bc4 40. d6 Nd3 41. e6 Bxe6 42. Ne4 Bd5 43. Ke3 Bxe4 44. Kxe4 Nc5+ 45.
Kf5 1-0

[Event "*** Titled Tuesday Blitz"]
[Site "Chess.com"]
[Date "2020.04.07"]
[Round "4"]
[White "Chigorinetz"]
[Black "LikeWater"]
[Result "0-1"]
[WhiteElo "2507"]
[BlackElo "2694"]
[TimeControl "180+1"]
[EndTime "13:41:26 PDT"]
[Termination "LikeWater won on time"]

1. e4 c5 2. Nc3 e6 3. Nge2 Nc6 4. g3 d5 5. exd5 exd5 6. Bg2 d4 7. Nd5 Nf6 8. Nef4 Nxd5 9. Nxd5 Bd6 10. O-O O-O 11.
d3 Bf5 12. Re1 Qd7 13. Bf4 Rfe8 14. Qd2 Rad8 15. a3 Be6 16. Bxd6 Qxd6 17. Nf4 Bd7 18. b4 cxb4 19. axb4 Rxe1+ 20. Rxe1 Qxb4 21. Qe2 h6 22. Bd5 Qd6 23. Qh5 Qf6 24. Bb3 Re8 25. Rb1 Re5 26.
Qd1 Qd6 27. h4 g6 28. Qf3 Rf5 29. Qe4 Kg7 30. h5 Qe5 31. hxg6 fxg6 32. Qf3 Qe7 33. Bc4 Kh8 34. Rxb7 g5 35. Qh5 Qg7 36. Qxh6+ Qxh6 37. Rxd7 gxf4 38. Rc7 f3 39. Rc8+ Kg7 40. Rc7+ Kf8 41. Rc8+ Ke7 42. Rxc6 Qxc6 0-1

[Event "*** Titled Tuesday Blitz"]
[Site "Chess.com"]
[Date "2020.04.07"]
[Round "4"]
[White "AquivaRubinstein"]
[Black "MisiekZielony"]
[Result "1-0"]
[WhiteElo "2400"]
[BlackElo "2137"]
[TimeControl "180+1"]
[EndTime "13:41:26 PDT"]
[Termination "AquivaRubinstein won on time"]

1. e4 Nf6 2. e5 Nd5 3. d4 d6 4. c4 Nb6 5. f4 g6 6. Nc3 Bg7 7. Be3 dxe5 8. fxe5 c5 9. dxc5 Qxd1+ 10. Rxd1 N6d7 11.
e6 fxe6 12. Nf3 Na6 13. Be2 O-O 14. O-O Ndxc5 15. Bd4 Bxd4+ 16. Rxd4 e5 17. Nxe5 Rxf1+ 18. Kxf1 Be6 19. Bf3 Rf8 20. a3 Rf5 21. Ng4 h5 22.
Nh6+ Kg7 23. Nxf5+ Bxf5 24. b4 Ne6 25. Rd7 Nac7 26.
Nd5 Nxd5 27. cxd5 Nd4 28. Rxe7+ Kf6 29. d6 b5 30. Rxa7 Ke6 31. Ra6 Kd7 32. Kf2 Be6 33. Ke3 Nf5+ 34. Kf4 Nxd6 35. Ra7+ Kd8 36. Ke5 Nc8 37. Ra8 Bd7 38. Bb7 Kc7 39. Bxc8 Bxc8 40. Rxc8+ Kxc8 41. Kf6 Kd7 42. Kxg6 Kd6 43. Kxh5 Kd5 44.
g4 Kc4 45. g5 Kb3 46. g6 Kxa3 47. g7 1-0

[Event "*** Titled Tuesday Blitz"]
[Site "Chess.com"]
[Date "2020.04.07"]
[Round "4"]
[White "Pudor"]
[Black "Blagorod"]
[Result "1-0"]
[WhiteElo "2361"]
[BlackElo "2116"]
[TimeControl "180+1"]
[EndTime "13:41:26 PDT"]
[Termination "Pudor won on time"]

1. d4 d5 2. c4 Nc6 3. cxd5 Qxd5 4. e3 e5 5. Nc3 Bb4 6. a3 Bxc3+ 7. bxc3 Qd6 8. d5 Nce7 9. c4 c6 10. e4 Nf6 11. Bd3 O-O 12. Ne2 b5 13. Nc3 bxc4 14. Bxc4 Qc5 15. Qd3 cxd5 16. exd5 Bf5 17. Qe2 Rac8 18.
d6 Ng6 19. O-O Qxc4 20. Qxc4 Rxc4 21. Nb5 a6 22. Nc7 Rc6 23. a4 Ne4 24. Ba3 Rd8 25. Nd5 Nxd6 26. h4 h5 27. Rfd1 Kh7 28. Ne3 Be6 29.
Rab1 Rd7 30. Rb8 Nc4 31. Rxd7 Bxd7 32. Bc1 Nxe3 33. Bxe3 Be6 34. a5 Nxh4 35. Bb6 Ng6 36. Ra8 Bc4 37. Ra7 h4 38. Kh2 Nf4 39. g3 hxg3+ 40.
fxg3 Ng6 41. Kh3 e4 42. Be3 Rd6 43. Rb7 Rd3 44. Bb6 e3 45. Rb8 e2 46. Re8 1-0

[Event "*** Titled Tuesday Blitz"]
[Site "Chess.com"]
[Date "2020.04.07"]
[Round "4"]
[White "Olga_Girya"]
[Black "Yaacovn"]
[Result "1-0"]
[WhiteElo "2560"]
[BlackElo "2732"]
[TimeControl "180+1"]
[EndTime "13:41:28 PDT"]
[Termination "Olga_Girya won on time"]

1. d4 Nf6 2. c4 e5 3. dxe5 Ne4 4. Nf3 Nc6 5. e3 d6 6. Bd3 Nc5 7. exd6 Bxd6 8. Be2 Bf5 9. O-O Qf6 10. Nd4 O-O-O 11. Bg4 g6 12. Bxf5+ gxf5 13. Qf3 Nxd4 14. exd4 Qxd4 15. Qxf5+ Kb8 16. Nc3 Qxc4 17. Bg5 Rde8 18. Rae1 a6 19. Nd5 h6 20. Bf6 Rhg8 21. b3 Qb5 22.
Rxe8+ Qxe8 23. Ne3 Ne4 24. Bh4 Nc3 25. Nc4 Qc6 26. Bg3 Ne2+ 27. Kh1 Bxg3 28. fxg3 Qg6 29. Qxg6 fxg6 30. Re1 Nc3 31. a4 Rd8 32. h4 Rd3 33. Kh2 Nd5 34. Re6 Rxb3 35. Rxg6 Rb4 36. Ne5 Rxa4 37.
Rxh6 Re4 38. Nd7+ Ka7 39. h5 a5 40. Rh8 Re7 41. Nc5 b6 42. Nd3 a4 43. h6 Nf6 44. Kh3 a3 45. g4 Re3+ 46. Kh4 Rxd3 47. h7 Nxh7 48. Rxh7 Rc3 49. Rf7 Rc1 50. Rf3 1-0

[Event "*** Titled Tuesday Blitz"]
[Site "Chess.com"]
[Date "2020.04.07"]
[Round "4"]
[White "Qvalda"]
[Black "Resignify"]
[Result "0-1"]
[WhiteElo "2401"]
[BlackElo "2221"]
[TimeControl "180+1"]
[EndTime "13:41:28 PDT"]
[Termination "Resignify won on time"]

1. e4 d6 2. Nc3 Nf6 3. f4 c5 4.
Nf3 Nc6 5. Bb5 Qc7 6. O-O a6 7.
Bxc6+ Qxc6 8. e5 Nd5 9. d4 Nxc3 10. bxc3 Bg4 11. d5 Qc7 12. h3 Bxf3 13. Qxf3 O-O-O 14. c4 f5 15. Rb1 g6 16. Bb2 Bg7 17. Rfe1 Rhg8 18.
Qb3 Kb8 19. exd6 exd6 20. Re6 Bxb2 21. Qxb2 Rge8 22. Rbe1 Rxe6 23. Rxe6 Qf7 24. Qb6 Qc7 25. Qb2 Qf7 26. Kh2 Kc7 27. Qc3 Qd7 28. Qf6 Kb8 29. Re7 Qc8 30. Qf7 Ka7 31. Qxh7 Rg8 32. Qf7 g5 33. Qe6 gxf4 34. Qxc8 Rxc8 35. Rd7 Re8 36.
Rxd6 Re2 37. Kg1 Rxc2 38. Rf6 Rxc4 39. Rxf5 Rd4 40. h4 c4 41. h5 c3 42. Rf6 c2 43.
Rxa6+ bxa6 44. Kh2 c1=Q 45. h6 Qe3 0-1

[Event "*** Titled Tuesday Blitz"]
[Site "Chess.com"]
[Date "2020.04.07"]
[Round "4"]
[White "AryanTari"]
[Black "albi1999"]
[Result "1-0"]
[WhiteElo "2885"]
[BlackElo "2591"]
[TimeControl "180+1"]
[EndTime "13:41:30 PDT"]
[Termination "AryanTari won by resignation"]

1. e4 c6 2. d4 d5 3. e5 Bf5 4. h4 h5 5. c4 e6 6. Nc3 Ne7 7. Nge2 Nd7 8. Ng3 Bg6 9. cxd5 Nxd5 10. Be2 Qa5 11. Bd2 Qb6 12. Nxd5 cxd5 13. Bc3 Be7 14.
Nxh5 Bxh5 15. Bxh5 g6 16. Be2 Rxh4 17. Rxh4 Bxh4 18.
Qa4 a6 19. g3 Be7 20. Kf1 Rc8 21. Kg2 Qc6 22. Qd1 Nb6 23. Rc1 Qa4 24. b3 Qd7 25. Qd3 Bb4 26. Bb2 Rxc1 27. Bxc1 Qc6 28. Bb2 Nc8 29.
a3 Be7 30. b4 Na7 31. Qb3 b5 32. Qd3 Nc8 33. a4 Nb6 34. axb5 axb5 35. Qxb5 Qxb5 36.
Bxb5+ Kd8 37. Bc3 Nc4 38. Kf3 f6 39. Ke2 fxe5 40. dxe5 Kc7 41. Kd3 Nb6 42. f4 g5 43.
fxg5 Bxg5 44. g4 Kd8 45. Bd2 Nd7 46. Bxg5+ 1-0

[Event "*** Titled Tuesday Blitz"]
[Site "Chess.com"]
[Date "2020.04.07"]
[Round "4"]
[White "AnonymousBread"]
[Black "alexwinter25"]
[Result "1-0"]
[WhiteElo "2523"]
[BlackElo "2329"]
[TimeControl "180+1"]
[EndTime "13:41:30 PDT"]
[Termination "AnonymousBread won by resignation"]

1. d4 d5 2. Nc3 e6 3. Bf4 Nf6 4. e3 c5 5. Nb5 Na6 6. c3 Be7 7. Nf3 O-O 8. a4 cxd4 9. exd4 Ne4 10. Bd3 Nd6 11. O-O f5 12. Nxd6 Bxd6 13. Bxd6 Qxd6 14.
Bxa6 Qxa6 15. Re1 Bd7 16. Qe2 Qb6 17. Ne5 Be8 18. a5 Qd6 19. Nd3 Bf7 20. Qe5 Qc6 21. Nb4 Qd7 22. Nd3 b6 23. axb6 axb6 24. Rxa8 Rxa8 25. Nf4 Re8 26. h4 Qc8 27. h5 b5 28. h6 gxh6 29. Re3 Qb8 30. Rg3+ Kf8 31. Qg7+ Ke7 32. Nxd5+ exd5 33. Re3+ Kd8 34. Qf6+ Kc8 35. Qxf5+ Kd8 36. Qf6+ Kc8 37. Qxf7 Rxe3 38. Qf8+ Kc7 39. Qxb8+ Kxb8 40. fxe3 Kc7 41. Kf2 Kd6 42. Kf3 Ke6 43. Kf4 Kf6 44. b3 h5 45. e4 dxe4 46. Kxe4 Ke6 47. d5+ Kd6 48. c4 b4 49. Kf4 Kc5 50.
Kg5 Kd4 51. d6 Kc3 52. d7 Kxb3 53. d8=Q Ka2 54. Kxh5 b3 55. Qd3 b2 56. Qxh7 b1=Q 57. Qxb1+ Kxb1 58. c5 Kb2 59. c6 Kc3 60. c7 Kd4 61.
c8=Q Ke3 62. Qf5 Kd4 63. g4 Ke3 64. g5 Kd4 65. g6 Ke3 66. g7 Kd4 67. g8=Q 1-0

[Event "*** Titled Tuesday Blitz"]
[Site "Chess.com"]
[Date "2020.04.07"]
[Round "4"]
[White "Bastiandash"]
[Black "dachessmandan"]
[Result "1-0"]
[WhiteElo "1963"]
[BlackElo "2369"]
[TimeControl "180+1"]
[EndTime "13:41:30 PDT"]
[Termination "Bastiandash won by checkmate"]

1. d4 Nf6 2. Nf3 e6 3. c3 b6 4. Bg5 Bb7 5. Nbd2 Be7 6. e3 Ne4 7. Bxe7 Qxe7 8. Bd3 d5 9. Qe2 Nxd2 10. Nxd2 f5 11. f3 O-O 12. O-O Nd7 13. e4 fxe4 14.
fxe4 Rae8 15. Rae1 Rxf1+ 16. Rxf1 e5 17. exd5 exd4 18.
Qh5 Nf6 19. Rxf6 gxf6 20. Bxh7+ Kg7 21. Be4 Rg8 22. cxd4 Kf8 23. Qf5 Rg5 24. Qf4 Bxd5 25. Bxd5 Rxd5 26. Nf3 Ke8 27. h4 Rh5 28. Qg4 Rh7 29.
Qg8+ Kd7 30. Qd5+ Qd6 31. Qf5+ Kc6 32. Qxh7 Kb5 33. Qd3+ Kc6 34. d5+ Kb7 35. h5 Qc5+ 36. Kh2 a5 37. h6 Qc1 38. Qg6 Qf4+ 39. Qg3 Qc1 40. h7 Qh6+ 41. Qh4 Qf4+ 42. Qxf4 a4 43. h8=Q a3 44. Qhxf6 axb2 45. Q6d4 b1=Q 46. Qfe4 Qc1 47. d6+ c6 48. Qe7+ Ka6 49. Qa4# 1-0

[Event "*** Titled Tuesday Blitz"]
[Site "Chess.com"]
[Date "2020.04.07"]
[Round "4"]
[White "GMMelik"]
[Black "wonderfultime"]
[Result "0-1"]
[WhiteElo "2600"]
[BlackElo "2962"]
[TimeControl "180+1"]
[EndTime "13:41:31 PDT"]
[Termination "wonderfultime won by checkmate"]

1. e4 c5 2. Nf3 Nf6 3. e5 Nd5 4.
Nc3 e6 5. Nxd5 exd5 6. d4 Nc6 7. Be2 cxd4 8. O-O d6 9. Bf4 Be7 10. exd6 Bxd6 11. Bxd6 Qxd6 12. Nxd4 O-O 13. c3 Re8 14. Bb5 Bd7 15. Bxc6 bxc6 16. b4 c5 17. bxc5 Qxc5 18. Qd2 Rac8 19. Rac1 h6 20. Rfe1 Qc4 21. Rxe8+ Rxe8 22.
f3 a5 23. Kf2 a4 24. Re1 Rc8 25. Re7 Bb5 26. Qf4 Rf8 27. Kg3 Ba6 28. Rc7 Qf1 29. Qe5 Bc8 30. h4 Qd3 31. Qxd5 Be6 32. Qe5 Qg6+ 33. Kh2 Bxa2 34. Nf5 Kh8 35. c4 Bb1 36. Nd4 a3 37. Rc6 Qd3 38. Rxh6+ Kg8 39. Rd6 a2 40. Nc6 Qh7 41. Ne7+ Kh8 42. Ra6 Qxh4+ 43.
Kg1 Rd8 44. g3 Rd1+ 45. Kf2 Qh2+ 46. Ke3 Qd2# 0-1

[Event "*** Titled Tuesday Blitz"]
[Site "Chess.com"]
[Date "2020.04.07"]
[Round "4"]
[White "Fins0905"]
[Black "ChessicallyInclined"]
[Result "1/2-1/2"]
[WhiteElo "2718"]
[BlackElo "2535"]
[TimeControl "180+1"]
[EndTime "13:41:31 PDT"]
[Termination "Game drawn by agreement"]

1. Nf3 Nf6 2. c4 b6 3. g3 Bb7 4. Bg2 g6 5. O-O Bg7 6. Nc3 O-O 7. d4 Ne4 8. Nxe4 Bxe4 9. Bg5 c5 10. Qd2 cxd4 11. Nxd4 Bxg2 12. Kxg2 Nc6 13. Nxc6 dxc6 14. Rad1 Qxd2 15. Rxd2 f6 16. Be3 Kf7 17. Rfd1 f5 18. b3 c5 19. Rd7 Be5 20. Rb7 Rfb8 21. Rdd7 Rxb7 22. Rxb7 Bd6 23. Bg5 Ke8 24. Bf4 Bxf4 25. gxf4 Rd8 26. Rxa7 Rd2 27. e3 Kf7 28. h4 Kf6 29.
Ra6 Rd6 30. a4 h6 31. Kf3 g5 32. hxg5+ hxg5 33. fxg5+ Kxg5 34. Ke2 Kg4 35. a5 bxa5 36. Rxa5 Rb6 37. Rb5 Rc6 38. Rb7 e5 39. Rg7+ Kh5 40. f4 exf4 41. exf4 Rb6 42. Rg5+ Kh4 43. Rxf5 Rxb3 44.
Rxc5 Kg4 45. f5 Rf3 46. Rd5 Rc3 47. c5 Kf4 48. f6 Ke4 49. f7 Re3+ 50. Kd2 Rf3 51.
Rd7 Ke5 52. c6 Ke6 53. Rd3 Rxf7 54. Rd4 Rc7 55. Kd3 Rxc6 56. Re4+ 1/2-1/2

[Event "*** Titled Tuesday Blitz"]
[Site "Chess.com"]
[Date "2020.04.07"]
[Round "4"]
[White "SanchezKelvin"]
[Black "GameOverBro"]
[Result "0-1"]
[WhiteElo "2327"]
[BlackElo "2502"]
[TimeControl "180+1"]
[EndTime "13:41:32 PDT"]
[Termination "GameOverBro won on time"]

1. d4 d6 2. Nf3 Nf6 3. c4 Nbd7 4.
Nc3 e5 5. e4 Be7 6. h3 O-O 7. d5 Nc5 8. Qc2 a5 9. Be3 b6 10. Nd2 Ne8 11. g4 Bg5 12. Bxg5 Qxg5 13. Be2 Bd7 14. O-O-O g6 15. Kb1 Ng7 16. h4 Qe7 17. h5 g5 18. h6 Ne8 19. Nf1 Kh8 20.
Ng3 Rg8 21. Rh5 Qf6 22. Nf5 a4 23. Qd2 Rg6 24. Rdh1 Ra5 25. Bd3 Bc8 26. Bf1 Bd7 27. f3 c6 28. dxc6 Bxc6 29. Be2 Qe6 30. Nd5 Bxd5 31.
cxd5 Qf6 32. Ka1 Qd8 33. Qb4 Ra8 34. Bb5 Nc7 35. Bc6 Ra7 36. Qxb6 Ra6 37. Qb4 Nd3 38. Qc4 Nc5 39. R5h2 Qb8 40. Rc2 Qa7 41. Kb1 Ra5 42. Rhc1 N7a6 43. Qe2 Nb8 44. Bb5 Qb6 45. Bc6 Nba6 46.
Qc4 Nb4 47. Rc3 Nba6 48. a3 Nb3 0-1